Unix NetHack Version 5.0.0-0 post-release - last build Jun 10 2026 00:39:30 (3ee93aec679c4c4259841fe613dc97188e26a321,branch:main).

Game began 2026-06-16 01:40:05, ended 2026-06-16 02:04:39.

Kwijibo4686, neutral female human Valkyrie

                                                -----------
                                                |.........|
                                  #####----- ###......`...|
  --------        ------          #####|...|# # |.....)...|
  |.......#       |.....############  #|...|  # |....(....|         ---------
  |...e..|#       |....| ########     #|..(|### |.........|     `###........|
  |......|#       |....dr#            #|...|##  --------.--     #   |....[..|
  |>..{..|#       |....|              #|....#           #      ###  ....<...|
  |......|#       |...||              #|...|#           ##    ###   |.......|
  --------#       -.----              #-----#            #  ####    ---------
          #        ###                # #####          ###### #
          #   ###    #                ###            ### #
          ####  #### #                ##             #---|--
             ##    # #                               #|....|
              #----|-----------                      #|....|
              #-..............|                      #|....|
               |.......i.......#######################|(...|
               ----------------                       -.----
                                                       #
Kwijibo4686 the Wererat     St:18 Dx:11 Co:18 In:8 Wi:8 Ch:9  Neutral
Dlvl:5  $:87 HP:6(6) Pw:10(10) AC:6  HD:2 T:1825  Overloaded

Latest messages:
 The sewer rat bites!
 The sewer rat misses!
 The wererat bites!
 You hear bubbling water.
 You miss the sewer rat.
 The sewer rat bites!
 The sewer rat misses!
 The wererat bites!
 You feel feverish.
 The little dog misses the wererat.
 The little dog misses the wererat.
 You kill the sewer rat!
 The sewer rat misses!
 The wererat bites!
 The little dog bites the wererat.
 The wererat misses the little dog.
 The little dog bites the wererat.
 The wererat is killed!
 You miss the sewer rat.
 The sewer rat misses!
 The little dog bites the homunculus.
 The little dog bites the homunculus.
 The homunculus is killed!
 Your little dog grows up into a dog.
 You miss the sewer rat.
 The sewer rat misses!
 You miss the sewer rat.
 The sewer rat misses!
 You kill the sewer rat!
 You see here a sewer rat corpse.
 There is a sewer rat corpse here; eat it? [ynq] (n) y
 This sewer rat corpse is stringy.
 You cannibal!  You will regret this!
 You finish eating the sewer rat corpse.
 You swap places with your dog.
 The dog picks up a homunculus corpse.
 You attack thin air.
 You turn into a wererat!
 Your armor falls around you!
 You can't even move a handspan with this load!
 You can no longer hold your shield!
 Your helm falls to the ground!
 You find you must drop your spear!
 Use the command #monster to summon help.
 Are you sure you want to pray? [yn] (n) y
 You begin praying to Odin.
 You finish your prayer.
 You feel that Odin is displeased.
 Really quit without saving? [yn] (n) y
 Do you want your possessions identified? [ynq] (y) q

Inventory:
 Coins    ('$')
  $ - 87 gold pieces
 Weapons  (')')
  b - a +0 dagger (alternate weapon; not wielded)
 Armor    ('[')
  v - an uncursed +0 mummy wrapping
 Comestibles  ('%')
  n - 2 uncursed slime molds
  d - 9 uncursed food rations
  l - an uncursed tripe ration
 Scrolls  ('?')
  r - a blessed scroll of create monster
  g - a blessed scroll of enchant weapon
  f - an uncursed scroll of scare monster
 Spellbooks  ('+')
  t - an uncursed spellbook of detect unseen
  x - an uncursed spellbook of healing
  y - an uncursed spellbook of magic missile
 Potions  ('!')
  p - an uncursed potion of oil
  k - a cursed potion of oil
  q - an uncursed potion of water
 Wands    ('/')
  z - a wand of undead turning (0:7)
 Tools    ('(')
  u - an empty uncursed bag of holding
  e - an expensive camera (0:30)

Kwijibo4686 the Valkyrie's attributes:

Background:
 You were in female wererat form.
 You were actually a Skirmisher, a level 4 human Valkyrie.
 You were neutral, on a mission for Odin
 who was opposed by Tyr (lawful) and Loki (chaotic).
 You were normally right-handed.
 You were in the Dungeons of Doom, on level 5.
 You entered the dungeon 1825 turns ago.
 It was nighttime.
 There was a new moon in effect when your adventure ended.

Basics:
 You had all 6 hit points.
 You had all 10 energy points (spell power).
 You had 2 hit dice.
 Your armor class was 6.
 Your wallet contained 87 zorkmids.
 Autopickup was on for '$?!/="' plus thrown.

Final Characteristics:
 Your strength was 18.
 Your dexterity was 11.
 Your constitution was 18.
 Your intelligence was 8.
 Your wisdom was 8.
 Your charisma was 9.

Final Status:
 You were transformed.
 You weren't hungry.
 You were overloaded; movement was not possible.
 You weren't wielding anything.
 You were unskilled in bare handed combat.
 You weren't wearing any armor.

Final Attributes:
 You were devoutly aligned.
 You were cold resistant.
 You were poison resistant.
 You were level-drain resistant.
 You were stealthy.
 You aggravated monsters.
 You regenerated.
 You were a wererat in beast form.
 You were harmed by silver.
 You were very unlucky.
 You survived.

Miscellaneous:
 You didn't encounter any bones levels.
 Total elapsed playing time was 23 minutes and 41 seconds.

Major events:
 Turn
    1: Kwijibo4686 the neutral human Valkyrie entered the dungeon
  450: attained the rank of Skirmisher (level 3)
 1825: quit

You didn't know any spells.

Skills:
 Fighting Skills
   bare handed combat [Unskilled]
   two weapon combat  [Unskilled]
   riding             [Unskilled]
 Weapon Skills
   dagger             [Basic]
   axe                [Unskilled]
   pick-axe           [Unskilled]
   short sword        [Unskilled]
   broadsword         [Unskilled]
   long sword         [Unskilled]
   two-handed sword   [Unskilled]
   saber              [Unskilled]
   hammer             [Unskilled]
   quarterstaff       [Unskilled]
   polearms           [Unskilled]
   spear              [Basic]
   trident            [Unskilled]
   lance              [Unskilled]
   sling              [Unskilled]
 Spellcasting Skills
   attack spells      [Unskilled]
   escape spells      [Unskilled]

Voluntary challenges:
 Character rerolling was not enabled.
 You never genocided any monsters.
 You never polymorphed an object.
 You used no wishes.
Achievement:
 You attained the rank of Skirmisher.

 The Dungeons of Doom: levels 1 to 6
    Level 1:
    Level 2:
    Level 3:
       Some fountains.
    Level 4:
       A fountain, a sink.
    Level 5: <- You were here.
       A fountain, a grave.
    Level 6:


Vanquished creatures:
  a kobold mummy
  a homunculus
  a hill orc
  a centipede
  a giant bat
  a dwarf zombie
  a wererat
  a werejackal
  3 iguanas
  a coyote
  a hobbit
  a large kobold
  a hobgoblin
  a cave spider
  2 jackals
  a fox
  2 goblins
  4 sewer rats
  4 grid bugs
  7 lichens
  2 newts
38 creatures vanquished.

No species were genocided or became extinct.

Farvel Kwijibo4686 the Valkyrie...

You quit in The Dungeons of Doom on dungeon level 5 with 781 points,
and 87 pieces of gold, after 1825 moves.
You were level 4 with a maximum of 38 hit points when you quit.

